General information
- name: BNet
- type: Ladder 1vs1/FFA
- host: Battle.net
- saver: BEAR_AND
map: SecretValley
- players: 2
- length: 22:33
- speed: Fast
- version: 1.27 W3XP
- replay type:

» download(81 KB)
Players
team 1 (winner)
BEAR_AND (
pink | 151 APM | 3411 actions | 22:33)
5 Archmage
2 Summon Water Elemental
2 Brilliance Aura
1 Blizzard
5 Mountain King
2 Storm Bolt
3 Bash
2 Paladin
1 Holy Light
1 Divine Shield
» actions
| Assign group hotkey | 59 | |
| Basic commands | 4 | |
| Build / train | 147 | |
| Enter build submenu | 30 | |
| Enter hero's abilities submenu | 11 | |
| Give item / drop item | 4 | |
| Right click | 2122 | |
| Select / deselect | 539 | |
| Select group hotkey | 293 | |
| Use ability | 202 | |
3411 total
» units
| Peasant | 26 | |
| Priest | 1 | |
| Dragonhawk Rider | 4 | |
31 total
» upgrades
| Masonry | 3 | |
| Lumber Harvesting | 2 | |
| Magic Sentry | 1 | |
| Cloud | 1 | |
| Animal War Training | 1 | |
| Swords | 1 | |
| Armor | 1 | |
10 total
» buildings
| Altar of Kings | 1 | |
| Farm | 5 | |
| Lumber Mill | 1 | |
| Scout Tower | 50 | |
| Arcane Tower | 8 | |
| Guard Tower | 43 | |
| Arcane Vault | 1 | |
| Keep | 3 | |
| Gryphon Aviary | 1 | |
| Arcane Sanctum | 1 | |
| Town Hall | 2 | |
| Castle | 3 | |
| Barracks | 1 | |
| Blacksmith | 1 | |
121 total
» build order
00:09 Altar of Kings
00:21 Farm
00:39 Lumber Mill
00:49 Farm
01:11 Scout Tower
01:37 Scout Tower
01:53 Arcane Tower
01:53 Arcane Tower
01:54 Arcane Tower
02:13 Guard Tower
02:13 Guard Tower
02:25 Scout Tower
02:26 Scout Tower
03:01 Guard Tower
03:02 Guard Tower
03:21 Scout Tower
03:22 Scout Tower
03:22 Guard Tower
03:23 Guard Tower
03:23 Guard Tower
03:46 Arcane Vault
03:53 Guard Tower
03:53 Guard Tower
04:18 Guard Tower
05:04 Keep
05:04 Keep
05:05 Keep
06:16 Farm
06:17 Scout Tower
07:32 Guard Tower
07:33 Scout Tower
07:34 Scout Tower
07:38 Gryphon Aviary
08:22 Guard Tower
08:26 Arcane Sanctum
09:42 Town Hall
09:45 Scout Tower
09:46 Scout Tower
09:46 Scout Tower
09:48 Scout Tower
09:48 Scout Tower
09:49 Scout Tower
09:50 Scout Tower
09:51 Scout Tower
09:56 Guard Tower
09:57 Guard Tower
10:18 Farm
10:19 Farm
10:47 Arcane Tower
10:48 Guard Tower
10:48 Guard Tower
10:48 Guard Tower
10:48 Guard Tower
11:17 Castle
11:17 Castle
11:19 Guard Tower
11:19 Guard Tower
11:19 Guard Tower
11:19 Guard Tower
13:11 Guard Tower
14:55 Scout Tower
14:56 Scout Tower
14:57 Scout Tower
14:58 Scout Tower
14:59 Scout Tower
15:01 Scout Tower
16:06 Guard Tower
16:19 Guard Tower
16:24 Barracks
16:25 Blacksmith
16:30 Scout Tower
16:30 Scout Tower
16:31 Scout Tower
16:31 Scout Tower
16:31 Scout Tower
17:20 Guard Tower
17:20 Guard Tower
17:22 Guard Tower
17:22 Guard Tower
17:51 Guard Tower
17:52 Guard Tower
17:53 Scout Tower
17:54 Scout Tower
17:55 Scout Tower
17:55 Scout Tower
17:56 Scout Tower
18:10 Arcane Tower
18:28 Arcane Tower
18:57 Guard Tower
19:05 Guard Tower
19:06 Scout Tower
19:07 Scout Tower
19:08 Scout Tower
19:10 Scout Tower
19:48 Guard Tower
19:50 Scout Tower
19:50 Scout Tower
19:51 Scout Tower
19:52 Scout Tower
19:52 Scout Tower
19:53 Scout Tower
19:54 Scout Tower
20:11 Guard Tower
20:13 Scout Tower
20:13 Scout Tower
20:13 Scout Tower
20:14 Scout Tower
20:23 Town Hall
20:24 Arcane Tower
20:25 Guard Tower
20:45 Guard Tower
21:57 Guard Tower
» items
| Boots of Speed | 4 | |
| Staff of Teleportation | 7 | |
| Lesser Clarity Potion | 2 | |
| Potion of Healing | 2 | |
| Scroll of Regeneration | 1 | |
| Staff of Sanctuary | 3 | |
| Tome of Retraining | 2 | |
21 total
team 2 (loser)
elatra (
green | 48 APM | 1077 actions | 22:29)
4 Archmage
2 Blizzard
1 Brilliance Aura
1 Summon Water Elemental
3 Mountain King
2 Storm Bolt
1 Thunder Clap
» actions
| Basic commands | 16 | |
| Build / train | 80 | |
| Enter build submenu | 40 | |
| Enter hero's abilities submenu | 7 | |
| Give item / drop item | 2 | |
| Right click | 494 | |
| Select / deselect | 374 | |
| Use ability | 64 | |
1077 total
» units
| Peasant | 27 | |
| Footman | 5 | |
| Knight | 2 | |
| Gryphon Rider | 5 | |
| Dragonhawk Rider | 3 | |
| Siege Engine | 1 | |
43 total
» upgrades
| Defend | 1 | |
| Masonry | 1 | |
| Lumber Harvesting | 1 | |
| Barrage | 1 | |
4 total
» buildings
| Altar of Kings | 1 | |
| Farm | 9 | |
| Scout Tower | 13 | |
| Arcane Tower | 2 | |
| Barracks | 2 | |
| Lumber Mill | 1 | |
| Guard Tower | 9 | |
| Keep | 1 | |
| Blacksmith | 1 | |
| Town Hall | 2 | |
| Castle | 1 | |
| Gryphon Aviary | 1 | |
| Arcane Vault | 1 | |
| Workshop | 1 | |
| Cannon Tower | 1 | |
46 total
» build order
00:07 Altar of Kings
00:31 Farm
00:33 Scout Tower
01:08 Arcane Tower
01:46 Farm
02:20 Barracks
02:26 Lumber Mill
02:59 Scout Tower
03:28 Guard Tower
03:59 Barracks
04:10 Scout Tower
05:18 Keep
05:22 Farm
06:15 Blacksmith
06:23 Guard Tower
06:27 Scout Tower
07:29 Town Hall
08:56 Castle
09:04 Scout Tower
09:09 Scout Tower
09:26 Guard Tower
09:48 Guard Tower
10:22 Guard Tower
11:05 Gryphon Aviary
13:44 Farm
14:28 Farm
14:32 Scout Tower
14:44 Farm
15:10 Guard Tower
15:34 Scout Tower
15:41 Arcane Vault
15:49 Farm
16:02 Guard Tower
16:18 Scout Tower
16:21 Scout Tower
16:29 Farm
17:02 Guard Tower
17:04 Scout Tower
17:06 Scout Tower
17:28 Farm
17:51 Guard Tower
18:39 Workshop
19:31 Arcane Tower
20:25 Scout Tower
22:05 Cannon Tower
22:09 Town Hall
» items
| Boots of Speed | 3 | |
| Staff of Teleportation | 1 | |
| Potion of Invisibility | 2 | |
| Potion of Lesser Invulnerability | 2 | |
| Periapt of Vitality | 1 | |
9 total
Chat log
(22:26 / All) elatra: booooring